 Dungeon Crawl Stone Soup version 0.28-a0-1404-g4df0f3684d (webtiles) character file.

Game seed: 4228945736010299819

99 ryw the Shooter (level 4, -1/34 HPs)
             Began as a Demonspawn Hunter on Jan 6, 2022.
             Killed from afar by a white imp (11 damage)
             ... with a puff of frost
             ... summoned by Natasha
             ... on level 2 of the Dungeon.
             The game lasted 00:06:18 (2653 turns).

ryw the Shooter (Demonspawn Hunter)                 Turns: 2653, Time: 00:06:19

Health: -1/34      AC:  9    Str: 12    XL:     4   Next: 45%
Magic:  5/5        EV: 12    Int: 15    God:
Gold:   62         SH:  0    Dex: 13    Spells: 2/4 levels left

rFire   . . .      SeeInvis .   a - +0 whip (freeze)
rCold   . . .      Faith    .   (no shield)
rNeg    . . .      Spirit   .   c - +0 leather armour
rPois   .          Reflect  .   (no helmet)
rElec   .          Harm     .   (no cloak)
rCorr   .          Rampage  .   (no gloves)
Will    .....                   (no boots)
Stlth   +.........              (no amulet)
HPRegen 0.11/turn               (no ring)
MPRegen 0.09/turn               (no ring)

@: mighty, sanguine armoured
A: sanguine armour 1, demonic magic 2
a: no special abilities


You were on level 2 of the Dungeon.
You visited 1 branch of the dungeon, and saw 4 of its levels.

You collected 62 gold pieces.

Inventory:

Hand Weapons
 a - a +0 whip of freezing (weapon)
 b - a +1 shortbow
Missiles
 d - 18 arrows
 g - 16 poisoned darts (quivered)
 i - 3 curare-tipped darts
Armour
 c - a +0 leather armour (worn)
Jewellery
 h - an amulet of magic regeneration
Scrolls
 e - 2 scrolls of vulnerability {unknown}
 m - a scroll of noise {unknown}
Potions
 f - a potion of berserk rage {unknown}
 j - a potion of lignification
 k - a potion of heal wounds
 l - a potion of might


   Skills:
 + Level 2.8 Fighting
 * Level 4.5 Bows
 + Level 2.5 Dodging
 - Level 0.8 Stealth
 + Level 0.8 Spellcasting
 + Level 0.0 Poison Magic


You had 2 spell levels left.
You knew the following spells:

 Your Spells              Type           Power      Damage    Failure   Level
a - Poisonous Vapours     Pois/Air       0%         N/A       43%         2

Your spell library contained the following spells:

 Spells                   Type           Power      Damage    Failure   Level
 Sandblast                Erth           0%         2d4       32%         1
 Corpse Rot               Necr/Air       0%         N/A       43%         2
 Ensorcelled Hibernation  Hex/Ice        0%         N/A       43%         2
 Passwall                 Tmut/Erth      0%         N/A       43%         2
 Static Discharge         Conj/Air       0%         N/A       43%         2
 Ignite Poison            Fire/Tmut/Pois 0%         N/A       67%         3
 Mephitic Cloud           Conj/Pois/Air  0%         N/A       67%         3
 Spider Form              Tmut/Pois      0%         N/A       67%         3
 Stone Arrow              Conj/Erth      0%         3d7       67%         3
 Freezing Cloud           Conj/Ice/Air   0%         6-21      100%        5
 Lightning Bolt           Conj/Air       0%         1d11      100%        5
 Maxwell's Capacitive Co  Air            0%         ∞         100%        8


Dungeon Overview and Level Annotations

Branches:
Dungeon (4/15)             Temple (0/1) D:4

Altars:

Shops:
D:3 =

Annotations:
D:2 Natasha
D:3 1 runed translucent door, AverageBear's ghost, amateur FoFi
D:4 Eustachio


Innate Abilities, Weirdness & Mutations

When seriously injured, your blood forms armour. (AC +6)
Spells you cast may paralyse nearby enemies.


Message History

Natasha closely misses you. The shadow imp misses you. Natasha claws you!
You closely miss Natasha.
Natasha is moderately wounded.
The shadow imp hits you but does no damage.
The shadow imp hits you.
Your blood congeals into armour.
Natasha claws you but does no damage.
You barely miss Natasha. You punch Natasha.
Natasha is heavily wounded.
The shadow imp hits you. Natasha barely misses you.
The shadow imp hits you but does no damage.
The shadow imp misses you. The shadow imp completely misses you.
Natasha casts a spell.
You hit the white imp but do no damage. The white imp barely misses you.
You barely miss the white imp.
The white imp hits you but does no damage.
You hit the white imp.
The white imp is moderately wounded.
The white imp hits you but does no damage.
You hit the white imp but do no damage.
The white imp is moderately wounded.
The shadow imp grins evilly.
The white imp gestures at you. The puff of frost hits you.
You hit the white imp.
The white imp is heavily wounded.
The white imp hits you but does no damage.
You hit the white imp.
The white imp is severely wounded.
The white imp hits you. The white imp freezes you.
* * * LOW HITPOINT WARNING * * *
It was a potion of might.
You feel very mighty all of a sudden.
The shadow imp disappears in a puff of smoke!
The white imp barely misses you.
You completely miss the white imp.
The white imp is severely wounded.
The white imp gestures at you. The puff of frost hits you!
You die...

#.......#.....#
#######.####.#.:...#
........# #.#.....##
#########
#.#......#P♣
#.#.........
#..5......PP
###......#P.
######l######
.......h5@..#
#############


You could see Natasha, a white imp (summoned) and a frilled lizard.

Vanquished Creatures
  4 adders
  3 dart slugs
  4 orcs (D:3)
  2 bats
  5 endoplasms
  3 giant cockroaches
  3 goblins
  5 hobgoblins
  7 jackals
  5 kobolds
  A quokka (D:3)
  2 ball pythons (D:3)
  2 frilled lizards
  3 rats
49 creatures vanquished.

Vanquished Creatures (others)
  2 withered plants (D:3)
2 creatures vanquished.

Grand Total: 51 creatures vanquished

Notes
Turn   | Place    | Note
-------+----------+-------------------------------------------
     0 | D:1      | ryw the Demonspawn Hunter began the quest for the Orb.
     0 | D:1      | Reached XP level 1. HP: 16/16 MP: 1/1
   136 | D:1      | Gained mutation: Spells you cast may paralyse adjacent
                  | enemies. [demonic ancestry]
   136 | D:1      | Reached XP level 2. HP: 19/22 MP: 2/2
   416 | D:1      | Reached skill level 4 in Bows
   616 | D:2      | Gained mutation: Spells you cast may paralyse nearby
                  | enemies. [demonic ancestry]
   616 | D:2      | Reached XP level 3. HP: 21/28 MP: 3/3
  1562 | D:3      | Gained mutation: When seriously injured, your blood forms
                  | armour. (AC +6) [demonic ancestry]
  1562 | D:3      | Reached XP level 4. HP: 6/34 MP: 4/4
  2213 | D:3      | Found a runed translucent door.
  2213 | D:3      | Noticed AverageBear's ghost (amateur FoFi)
  2249 | D:3      | Found Jewetues's Jewellery Emporium.
  2318 | D:3      | Found a faded altar of an unknown god.
  2421 | D:3      | Learned a level 2 spell: Poisonous Vapours
  2453 | D:4      | Found a staircase to the Ecumenical Temple.
  2574 | D:4      | Noticed Eustachio
  2632 | D:2      | Noticed Natasha
  2653 | D:2      | Killed from afar by a white imp

Illustrated notes

Levels and vault maps discovered:
D:1:      nzn_arrival_water_spiral, layout_rooms, corner_web_ring
D:2:      minmay_chambers_of_ones, layout_basic, uniq_crazy_yiuf_cottage,
          uniq_natasha
D:3:      layout_rooms, shapermc_ecumenical_altar_mp_vishouse, serial_shops,
          shop, gammafunk_ghost_grave
D:4:      layout_rooms, nicolae_ru_the_path_less_chosen,
          grunt_temple_overflow_open, minmay_temple_entry_statues_pillars,
          uniq_eustachio

Skill      XL: |  1  2 |
---------------+-------+-----
Dodging        | 2 |  2.5
Bows           | 4 |  4.5
Fighting       | |  2.8
Stealth        | |  0.8
Spellcasting   | |  0.8

Action                   |  1- 3 |  4- 6 || total
-------------------------+-------+-------++-------
Melee: Short sword       |    83 |       ||    83
       Punch             |     2 |     1 ||     3
       Whip              |    60 |    86 ||   146
 Fire: Shortbow          |    25 |     3 ||    28
  Use: Potion            |       |     5 ||     5
 Stab: Sleeping          |     1 |     2 ||     3
Armor: Leather armour    |    58 |    18 ||    76
       Skin              |       |    13 ||    13
Dodge: Dodged            |   109 |    48 ||   157

Table legend: (Time is in decaauts)
 A = Elapsed time spent in this place.
 B = Non-inter-level travel time spent in this place.
 C = Inter-level travel time spent in this place.
 D = Time resting spent in this place.
 E = Time spent auto-exploring this place.
 F = Levels seen in this place.
 G = Mean time per level.
                   A        B        C        D        E       F      G
               +--------+--------+--------+--------+--------+-----+--------+
         Total |   2673 |   2602 |     71 |    673 |   1357 |   4 |  668.2 |
       Dungeon |   2673 |   2602 |     71 |    673 |   1357 |   4 |  668.2 |
               +--------+--------+--------+--------+--------+-----+--------+

Top non-repeatable levels by time:
     D:3: 1087 daAuts
     D:2: 802 daAuts
     D:1: 640 daAuts
     D:4: 142 daAuts
